 Dungeon Crawl Stone Soup version 0.27-a0-1230-gfc7c993222 (webtiles) character file.

Game seed: 9230176009234241773

138 Delamore the Skirmisher (level 5, -4/43 HPs)
             Began as a Formicid Fighter on June 8, 2021.
             Was a Follower of Okawaru.
             Killed from afar by an orc wizard (10 damage)
             ... with a puff of flame
             ... on level 5 of the Dungeon.
             The game lasted 00:02:04 (2415 turns).

Delamore the Skirmisher (Formicid Fighter)          Turns: 2415, Time: 00:02:05

Health: -4/43      AC:  8    Str: 21    XL:     5   Next: 45%
Magic:  5/5        EV:  8    Int:  8    God:    Okawaru [*.....]
Gold:   70         SH:  0    Dex: 10    Spells: 4/4 levels left

rFire    . . .     SeeInvis +   a - +0 trident
rCold    . . .     Faith    .   c - +0 kite shield
rNeg     . . .     Spirit   .   b - +0 scale mail
rPois    .         Reflect  .   (helmet unavailable)
rElec    .         Harm     .   f - +0 cloak
rCorr    .         Rampage  .   (no gloves)
Will     .....                  (no boots)
Stlth    ..........             (no amulet)
HPRegen  0.14/turn              (no ring)
MPRegen  0.09/turn              (no ring)

@: confused, brilliant
A: permanent stasis, dig shafts and tunnels, antennae 3, four strong arms
a: Dig, Shaft Self, Renounce Religion, Heroism


You were on level 5 of the Dungeon.
You worshipped Okawaru.
Okawaru was aware of your devotion.
You visited 1 branch of the dungeon, and saw 4 of its levels.

You collected 70 gold pieces.

Inventory:

Hand Weapons
 a - a +0 trident (weapon)
Missiles
 h - 14 poisoned darts
Armour
 b - a +0 scale mail (worn)
 c - a +0 kite shield (worn)
 f - a +0 cloak (worn)
Scrolls
 k - a scroll of fog
Potions
 d - a potion of might
 e - a potion of brilliance
 g - a potion of resistance


   Skills:
 + Level 4.4 Fighting
 * Level 4.4 Polearms
 - Level 3.2 Armour
 - Level 3.6 Shields


You had 4 spell levels left.
You didn't know any spells.
Your spell library contained the following spells:

 Spells                   Type           Power      Damage    Failure   Level
 Magic Dart               Conj           0%         1d3       98%         1
 Searing Ray              Conj           0%         3d3       99%         2
 Dazzling Flash           Conj/Hex       0%         N/A       100%        3
 Fulminant Prism          Conj/Hex       0%         3d6       100%        4
 Iskenderun's Mystic Bla  Conj/Tloc      0%         2d3       100%        4


Dungeon Overview and Level Annotations

Branches:
Dungeon (3/15)

Altars:
Okawaru
Vehumet


Innate Abilities, Weirdness & Mutations

You cannot be hasted, slowed, berserked, paralysed or teleported.
You can dig through walls and to a lower floor.
You have a pair of large antennae on your head. (SInv)
Your four strong arms can wield two-handed weapons with a shield.


Message History

Reach: a) +0 trident
Press: ? - help, Dir - move target, f - orc wizard
Aim: an orc wizard, wielding a +2 dagger of pain and wearing a +0 robe (slightly transparent, about 49% to evade your +0 trident)
The orc is in the way.
You puncture the orc!
You kill the orc!
Okawaru accepts your kill.
Reach: a) +0 trident
Press: ? - help, Dir - move target, f/p - orc wizard
Aim: an orc wizard, wielding a +2 dagger of pain and wearing a +0 robe (slightly transparent, about 49% to evade your +0 trident)
You closely miss the orc wizard. You miss the orc wizard.
You block the orc wizard's attack. The orc wizard casts a spell at you.
The puff of flame hits you.
* * * LOW HITPOINT WARNING * * *
You closely miss the orc wizard. You block the orc wizard's attack.
You hit the orc wizard.
The orc wizard is moderately wounded.
The orc wizard casts a spell at you. The puff of flame misses you.
You hit the orc wizard but do no damage.
The orc wizard is moderately wounded.
You block the orc wizard's attack.
The orc wizard hits you but does no damage.
It was a potion of brilliance.
You feel clever all of a sudden. The orc wizard casts a spell at you.
The puff of flame hits you.
* * * LOW HITPOINT WARNING * * *
It was a potion of haste.
Your stasis prevents you from being hasted.
You block the orc wizard's attack.
You hit the orc wizard.
The orc wizard is severely wounded.
The orc wizard points at you and mumbles some strange words.
You are confused.
You are too confused!
You bump into the rock wall.
The orc wizard gestures at you while chanting.
The puff of flame hits you!
You die...

....... ####..(....
#..........
#...>...... #########
#.......... ........#
#.......... ...?....#
#..........
........####...†......
.......oo@.'..........
.......o####..........
........# #..........
.?..[.[o# #..........
........# #..........
........# #...#######
###+###.. ..... +..
....(+ #..


You could see an orc wizard (invisible) and 2 orcs.

Vanquished Creatures
  A centaur skeleton (D:2)
  5 adders
  2 dart slugs (D:2)
  3 orcs (D:5)
  7 endoplasms
  2 giant cockroaches (D:2)
  A goblin (D:1)
  6 hobgoblins
  7 jackals
  A quokka (D:2)
  4 ball pythons
  3 bats
  4 frilled lizards
  5 kobolds
  4 rats
55 creatures vanquished.

Notes
Turn   | Place    | Note
-------+----------+-------------------------------------------
     0 | D:1      | Delamore the Formicid Fighter began the quest for the Orb.
     0 | D:1      | Reached XP level 1. HP: 18/18 MP: 1/1
    97 | D:1      | Reached XP level 2. HP: 20/24 MP: 2/2
   766 | D:1      | Reached XP level 3. HP: 29/29 MP: 3/3
   903 | D:1      | Found a faded altar of an unknown god.
   917 | D:1      | Became a worshipper of Warmaster Okawaru
   917 | D:1      | Reached * piety under Okawaru
  1113 | D:2      | Reached XP level 4. HP: 36/37 MP: 4/4
  1512 | D:2      | Found a radiant altar of Vehumet.
  2155 | D:2      | Reached XP level 5. HP: 41/43 MP: 5/5
  2323 | D:3      | You fall into a shaft and drop 2 floors!
  2323 | D:5      | Entered Level 5 of the Dungeon
  2415 | D:5      | Killed from afar by an orc wizard

Illustrated notes

Levels and vault maps discovered:
D:1:      minmay_arrival_stone_box, layout_basic,
          ebering_ecumenical_altar_ruins, chequers_serial_rivers_micro_d
D:2:      kennysheep_big_flooded_room, layout_basic, basic_altar
D:3:      layout_basic, yredelemnul_forgotten_temple_becter,
          lemuel_crystal_altar, uniq_terence
D:5:      layout_basic

Skill      XL: |  1  2  3  4 |
---------------+-------------+-----
Polearms       | 3 4 |  4.4
Fighting       | 4 |  4.4
Armour         | |  3.2
Shields        | |  3.6

Action                   |  1- 3 |  4- 6 || total
-------------------------+-------+-------++-------
Melee: Trident           |    96 |   109 ||   205
  Use: Scroll            |       |     3 ||     3
       Potion            |       |     2 ||     2
Armor: Scale mail        |    49 |    34 ||    83
Dodge: Dodged            |    31 |    32 ||    63
Block: Kite shield       |    39 |    64 ||   103

Table legend: (Time is in decaauts)
 A = Elapsed time spent in this place.
 B = Non-inter-level travel time spent in this place.
 C = Inter-level travel time spent in this place.
 D = Time resting spent in this place.
 E = Time spent auto-exploring this place.
 F = Levels seen in this place.
 G = Mean time per level.
                   A        B        C        D        E       F      G
               +--------+--------+--------+--------+--------+-----+--------+
         Total |   2477 |   2412 |     65 |     29 |   1948 |   4 |  619.2 |
       Dungeon |   2477 |   2412 |     65 |     29 |   1948 |   4 |  619.2 |
               +--------+--------+--------+--------+--------+-----+--------+

Top non-repeatable levels by time:
     D:2: 1212 daAuts
     D:1: 1065 daAuts
     D:5: 102 daAuts
     D:3: 97 daAuts
